 Dungeon Crawl Stone Soup version 0.31-a0-664-g902f515a81 (webtiles) character file.

Game seed: 17494693458214573051

2184 pokeman the Thaumaturge (level 9, -2/48 HPs)
             Began as a Deep Elf Hedge Wizard on Sept 2, 2023.
             Slain by an orc warrior
             ... wielding a +0 hand axe
              (7 damage)
             ... on level 7 of the Dungeon.
             The game lasted 00:14:56 (5960 turns).

pokeman the Thaumaturge (Deep Elf Hedge Wizard)     Turns: 5960, Time: 00:14:57

Health: -2/48      AC:  6    Str:  7    XL:     9   Next: 11%
Magic:  29/34      EV: 13    Int: 24    God:
Gold:   428        SH:  0    Dex: 14    Spells: 20/29 levels left

rFire   . . .        f - +1 dagger (venom)
rCold   . . .        (no shield)
rNeg    . . .        b - +0 robe
rPois   .            n - +0 helmet
rElec   .            H - +0 cloak
rCorr   .            E - +0 pair of gloves
SInv    .            c - +0 pair of boots
Will    .....        A - amulet of magic regeneration
Stlth   ++           x - ring of magical power
HPRegen 0.28/turn    (no ring)
MPRegen 0.64/turn

%: no passive effects
@: very slightly contaminated
A: no striking features
a: no special abilities


You were on level 7 of the Dungeon.
You visited 1 branch of the dungeon, and saw 7 of its levels.

You collected 428 gold pieces.

Inventory:

Hand Weapons
 f - a +1 dagger of venom (weapon)
 G - a +3 quarterstaff of chaos
Missiles
 B - 4 curare-tipped darts
 I - 3 throwing nets
Armour
 b - a +0 robe (worn)
 c - a +0 pair of boots (worn)
 n - a +0 helmet (worn)
 t - the +2 pair of boots of Civedu {Will+ Int+6 Slay-4}
   (You found it on level 3 of the Dungeon)

   Int+6:     It affects your intelligence (+6).
   Slay-4:    It affects your accuracy & damage with ranged weapons and melee
   (-4).
   Will+:     It increases your willpower.
 w - +0 swamp dragon scales
 z - a +2 ring mail of poison resistance
 E - a +0 pair of gloves (worn)
 F - a +0 kite shield
 H - a +0 cloak (worn)
Jewellery
 x - a ring of magical power (left hand)
 A - an amulet of magic regeneration (around neck)
Wands
 r - a wand of roots (19)
Scrolls
 a - 2 scrolls of fear {unknown}
 j - 6 scrolls of teleportation {unknown}
 k - 3 scrolls of enchant weapon {unknown}
 l - 6 scrolls of identify {unknown}
 m - 3 scrolls of enchant armour {unknown}
 o - a scroll of immolation {unknown}
 s - a scroll of amnesia {unknown}
 v - 2 scrolls of fog {unknown}
 y - a scroll of poison {unknown}
 D - a scroll of noise {unknown}
Potions
 d - a potion of magic
 e - 2 potions of attraction
 g - a potion of mutation {unknown}
 h - 3 potions of curing
 i - 2 potions of ambrosia {unknown}
 p - a potion of might {unknown}
 q - 2 potions of lignification {unknown}
 u - 2 potions of enlightenment {unknown}
 C - a potion of brilliance {unknown}


   Skills:
 - Level 2.0 Fighting
 - Level 3.0 Armour
 - Level 3.1 Dodging
 - Level 3.2 Stealth
 + Level 0.1 Shields
 * Level 10.9 Spellcasting
 + Level 5.9 Conjurations
 - Level 1.1 Summonings
 - Level 1.1 Translocations
 + Level 4.9 Fire Magic
 - Level 1.2 Air Magic
 - Level 1.2 Poison Magic
 - Level 1.2 Evocations


You had 20 spell levels left.
You knew the following spells:

 Your Spells              Type           Power      Damage    Failure   Level
a - Magic Dart            Conj           100%       1d8       1%          1
b - Mephitic Cloud        Conj/Pois/Air  26%        N/A       4%          3
c - Call Imp              Summ           36%        N/A       4%          2
d - Blink                 Tloc           36%        N/A       4%          2
e - Foxfire               Conj/Fire      100%       2x1d9     1%          1

Your spell library contained the following spells:

 Spells                   Type           Power      Damage    Failure   Level
 Slow                     Hex            52%        N/A       4%          1
 Cigotuvi's Dreadful Rot  Necr/Pois/Air  34%        N/A       5%          2
 Starburst                Conj/Fire      19%        6d7       61%         6
 Plasma Beam              Fire/Air       13%        2x1d24    91%         6


Dungeon Overview and Level Annotations

Branches:
Dungeon (7/15)             Temple (0/1) D:7

Altars:
Fedhas
Nemelex Xobeh
Okawaru
The Shining One

Shops:
D:5 (

Annotations:
D:5 3 runed translucent doors, Dordric's ghost, novice OpSh
D:7 Dowan


Message History

The orc warrior appears confused.
The orc warrior hits you with a +0 hand axe!
Unknown command.
Unknown command.
The orc priest is engulfed in noxious fumes.
The orc priest appears confused.
You barely miss the orc warrior.
You kill the orc priest!
The orc warrior closely misses you.
You hit the orc warrior but do no damage.
The orc warrior is poisoned.
You hit the orc warrior.
The orc warrior looks as sick as possible!
The orc warrior is lightly wounded.
Casting: Mephitic Cloud (dangerous; 4% risk of failure)
Confirm with . or Enter, or press ? or * to list all spells.
Aiming: Mephitic Cloud (dangerous; 4% risk of failure)
Press: ? - help, Shift-Dir - straight line, f - orc priest
Aim: an orc priest, wielding a +0 hand axe (confused, chance to affect: 86%)
You miscast Mephitic Cloud.
You are very lightly contaminated with residual magic.
Nothing appears to happen.
Unknown command.
Casting: Mephitic Cloud (dangerous; 4% risk of failure)
Confirm with . or Enter, or press ? or * to list all spells.
Aiming: Mephitic Cloud (dangerous; 4% risk of failure)
Press: ? - help, Shift-Dir - straight line, p - orc priest The ball explodes into a vile cloud!
The stinking cloud engulfs the orc priest but does no damage.
The stinking cloud engulfs the steam dragon but does no damage.
The stinking cloud engulfs the orc warrior but does no damage.
The orc warrior is moderately wounded.
The orc warrior seems less confused.
The steam dragon is engulfed in noxious fumes.
The steam dragon breathes steam at you. The ball of steam hits you!!
* * * LOW HITPOINT WARNING * * *
The orc warrior is engulfed in noxious fumes.
The orc warrior hits you with a +0 hand axe!
You die...

#.# #.# #.########'###
#............# #####........#
####........####
#.....)........# c......
#§###..)....##.### ..o....
####§# #.).)......<.# .......
#...@###.......#..###
.......###.##☼o.#.###.#....#
...o....##...☼#.#.# #)#<##.#
?......o####oD☼.#.###)#.##)###
..{...).# #...##....)#.##....
#@# #....#....)........ #.#
#....###.#.#.......
#.####....# #.#...###...
#.........# #.#.#.######


You could see a steam dragon (catching breath), an orc warrior (extremely
poisoned) and an orc priest (confused).

Vanquished Creatures
  Maggie (D:7)
  Eustachio (D:4)
  A water moccasin (D:5)
  An ogre (D:4)
  2 black bears
  A phantom (D:7)
  2 bullfrogs
  2 gnoll sergeants (D:7)
  A scorpion (D:6)
  3 killer bees (D:6)
  3 hounds
  6 orc priests
  Crazy Yiuf (D:7)
  A gnoll bouda (D:5)
  2 jellies
  Ijyb (D:4)
  6 orc wizards
  15 gnolls
  8 adders
  An ufetubus (D:4)
  A worm (D:2)
  A dart slug (D:2)
  26 orcs
  6 ball pythons
  4 bats (D:1)
  4 endoplasms
  4 giant cockroaches
  7 goblins
  4 hobgoblins
  3 jackals
  6 quokkas
  3 frilled lizards
  4 kobolds
  4 rats
136 creatures vanquished.

Vanquished Creatures (collateral kills)
  An adder (D:2)
  A kobold (D:2)
  A frilled lizard (D:2)
3 creatures vanquished.

Vanquished Creatures (others)
  295 foxfires
295 creatures vanquished.

Grand Total: 434 creatures vanquished

Notes
Turn   | Place    | Note
-------+----------+-------------------------------------------
     0 | D:1      | pokeman the Deep Elf Hedge Wizard began the quest for the
                  | Orb.
     0 | D:1      | Reached XP level 1. HP: 10/10 MP: 7/7
   428 | D:1      | Reached XP level 2. HP: 16/16 MP: 1/9
  1719 | D:2      | Reached skill level 5 in Spellcasting
  1777 | D:2      | Reached XP level 3. HP: 20/20 MP: 7/11
  1781 | D:2      | Learned a level 3 spell: Mephitic Cloud
  1784 | D:2      | Learned a level 2 spell: Call Imp
  1787 | D:2      | Learned a level 2 spell: Blink
  1883 | D:2      | Reached skill level 1 in Fighting
  1883 | D:2      | Reached skill level 1 in Armour
  2168 | D:3      | Reached XP level 4. HP: 25/25 MP: 6/13
  2232 | D:3      | You fall into a shaft and drop 1 floor!
  2233 | D:4      | Noticed Ijyb
  2246 | D:4      | Killed Ijyb
  2296 | D:3      | Learned a level 1 spell: Foxfire
  2381 | D:3      | Identified the +2 pair of boots of Civedu {Will+ Int+6
                  | Slay-4}
  2562 | D:3      | Reached skill level 6 in Spellcasting
  2570 | D:3      | Reached XP level 5. HP: 14/29 MP: 1/15
  2960 | D:4      | Noticed Eustachio
  2983 | D:4      | Killed Eustachio
  2984 | D:4      | Reached skill level 1 in Fire Magic
  2984 | D:4      | Reached skill level 1 in Air Magic
  2984 | D:4      | Reached XP level 6. HP: 34/34 MP: 10/17
  3142 | D:4      | Reached skill level 7 in Spellcasting
  3201 | D:4      | Found a blossoming altar of Fedhas.
  3277 | D:4      | Found a sparkling altar of Nemelex Xobeh.
  3320 | D:4      | Found an iron altar of Okawaru.
  3442 | D:4      | Reached skill level 1 in Poison Magic
  3442 | D:4      | Reached skill level 1 in Evocations
  3638 | D:4      | Reached XP level 7. HP: 35/38 MP: 20/20
  3724 | D:4      | Found a glowing golden altar of the Shining One.
  3829 | D:5      | Entered Level 5 of the Dungeon
  3907 | D:5      | Found a runed translucent gate.
  3907 | D:5      | Found a runed translucent gate.
  3909 | D:5      | Found a runed translucent gate.
  3910 | D:5      | Noticed Dordric's ghost (novice OpSh)
  3948 | D:5      | Reached skill level 8 in Spellcasting
  4093 | D:5      | Found Paowalas's Weapon Shop.
  4523 | D:6      | Reached XP level 8. HP: 44/44 MP: 22/22
  4588 | D:6      | Reached skill level 9 in Spellcasting
  4797 | D:6      | Reached skill level 5 in Conjurations
  5317 | D:7      | Reached skill level 10 in Spellcasting
  5394 | D:7      | Noticed Maggie
  5436 | D:7      | Noticed Dowan
  5436 | D:7      | Noticed a hornet
  5436 | D:7      | Found a staircase to the Ecumenical Temple.
  5441 | D:6      | HP: 1/44 [gnoll/+0 flail[a gnoll sergeant] (9)]
  5600 | D:7      | Killed Maggie
  5608 | D:7      | Reached XP level 9. HP: 48/48 MP: 25/25
  5616 | D:7      | Found a runed translucent door.
  5617 | D:7      | Noticed Crazy Yiuf
  5627 | D:7      | Killed Crazy Yiuf
  5960 | D:7      | Slain by an orc warrior

Illustrated notes

Levels and vault maps discovered:
D:1:      lemuel_arrival_tunnels, layout_basic
D:2:      layout_basic, minmay_joined_circles
D:3:      layout_rooms, minmay_misc_feat_hallway, kennysheep_generic_room_12
D:4:      layout_loops_ring, lemuel_round_altar, kennysheep_little_box,
          nemelex_diamond_rough_becter, tso_altar, uniq_ijyb, uniq_eustachio
D:5:      layout_cave_pools, ebering_ghost_rock_garden, serial_shops,
          nicolae_shop_tiny_statue_garden, chequers_serial_rivers_micro_a,
          hangedman_decor_riveting
D:6:      layout_basic
D:7:      layout_basic, minmay_temple_entry_gardened_gates,
          uniq_crazy_yiuf_cottage, uniq_maggie, uniq_menkaure, uniq_duvessa

Skill      XL: |  1  2  3  4  5  6  7  8  9 |
---------------+----------------------------+-----
Spellcasting   | 5 6 7 8 10 | 10.9
Fighting       | 1 2 |  2.0
Armour         | 1 2 3 |  3.0
Conjurations   | 2 3 4 5 |  5.9
Stealth        | 3 |  3.2
Dodging        | 3 |  3.1
Fire Magic     | 1 3 4 |  4.9
Air Magic      | 1 |  1.2
Poison Magic   | 1 |  1.2
Evocations     | 1 |  1.2
Shields        | |  0.1
Summonings     | |  1.1
Translocations | |  1.1

Action                     |  1- 3 |  4- 6 |  7- 9 || total
---------------------------+-------+-------+-------++-------
  Melee: Dagger            |    30 |    74 |    55 ||   159
         Punch             |     1 |       |     1 ||     2
   Cast: Magic Dart        |    83 |    19 |     6 ||   108
         Call Imp          |     2 |       |     1 ||     3
         Foxfire           |       |    49 |   122 ||   171
         Mephitic Cloud    |       |     5 |    19 ||    24
         Blink             |       |       |     3 ||     3
  Evoke: Wand              |       |       |     6 ||     6
    Use: Potion            |       |       |     3 ||     3
   Stab: Confused          |       |     3 |    12 ||    15
 Armour: Robe              |    23 |    41 |    45 ||   109
  Dodge: Dodged            |    36 |    54 |    43 ||   133

Table legend: (Time is in decaauts)
 A = Elapsed time spent in this place.
 B = Non-inter-level travel time spent in this place.
 C = Inter-level travel time spent in this place.
 D = Time resting spent in this place.
 E = Time spent auto-exploring this place.
 F = Levels seen in this place.
 G = Mean time per level.
                   A        B        C        D        E       F      G
               +--------+--------+--------+--------+--------+-----+--------+
         Total |   5959 |   5737 |    222 |    157 |   4522 |   7 |  851.3 |
       Dungeon |   5959 |   5737 |    222 |    157 |   4522 |   7 |  851.3 |
               +--------+--------+--------+--------+--------+-----+--------+

Top non-repeatable levels by time:
     D:1: 1194 daAuts
     D:6: 990 daAuts
     D:4: 935 daAuts
     D:2: 918 daAuts
     D:3: 779 daAuts
     D:5: 640 daAuts
     D:7: 500 daAuts
